 Dungeon Crawl Stone Soup version 0.24.0-37-gcf1ca852f1 (webtiles) character file.

Game seed: 9347842829618111718, levelgen mode: deterministic

170 vianorne the Skirmisher (level 5, -30/50 HPs)
             Began as a Minotaur Berserker on Dec 3, 2019.
             Was a Believer of Trog.
             Killed from afar by an orc (36 damage)
             ... with an exploding inner flame
             ... hexed by the player character
             ... on level 4 of the Dungeon.
             The game lasted 00:24:18 (3413 turns).

vianorne the Skirmisher (Minotaur Berserker)        Turns: 3413, Time: 00:24:19

Health: -30/50     AC:  4    Str: 21 (22) XL:     5   Next: 26%
Magic:  13/13      EV: 12    Int:  1 (4)  God:    Trog [**....]
Gold:   87         SH:  0    Dex:  9 (10) Spells: 4/4 levels left

rFire    . . .     SeeInvis .   a - +0 mace
rCold    . . .     Gourm    .   (no shield)
rNeg     . . .     Faith    .   b - +2 animal skin
rPois    .         Spirit   .   (helmet restricted)
rElec    .         Reflect  .   (no cloak)
rCorr    .         Harm     .   (no gloves)
MR       .....                  (no boots)
Stlth    +.........             (no amulet)
HPRegen  0.16/turn              p - ring of magical power
MPRegen  0.13/turn              (no ring)

@: heavily drained
A: retaliatory headbutt, horns 2
a: Berserk, Trog's Hand, Renounce Religion


You were on level 4 of the Dungeon.
You worshipped Trog.
Trog was pleased with you.
You were full.

You visited 1 branch of the dungeon, and saw 4 of its levels.

You collected 87 gold pieces.

Inventory:

Hand Weapons
 a - a +0 mace (weapon)
 e - a +0 hunting sling
 g - a +0 club
 h - a +0 hunting sling of flaming
 m - a +0 club
 o - a +0 short sword
 q - a +0 dagger
 t - a +2 dagger of speed
 u - a +0 short sword
Armour
 b - a +2 animal skin (worn)
 d - a +0 leather armour
 f - a +0 ring mail
 j - a +0 leather armour
Jewellery
 p - a ring of magical power (left hand)
Scrolls
 i - 2 scrolls of remove curse
 k - a scroll of fear
Comestibles
 c - a ration


   Skills:
 * Level 6.2(4.9) Fighting
 - Level 4.0(2.8) Maces & Flails
 - Level 2.5(1.4) Armour
 + Level 3.2(2.0) Dodging
 + Level 0.6(0.0) Stealth


You had 4 spell levels left.
You didn't know any spells.
Your spell library was empty.

Dungeon Overview and Level Annotations

Branches:
Dungeon (4/15)
 Temple: D:4-7

Altars:


Innate Abilities, Weirdness & Mutations

You reflexively headbutt those who attack you in melee.
You have a pair of horns on your head.


Message History

As you read the scroll of immolation, it crumbles to dust.
The creatures around you are filled with an inner flame!
The orc hits you with a +0 flail of holy wrath.
The orc closely misses you.
You barely miss the orc. You headbutt the orc.
The orc explodes!
The fiery explosion engulfs the orc wizard!!!
The orc wizard explodes!
The fiery explosion engulfs the orc!!
The orc explodes!
Trog accepts your kill. x2
Trog appreciates your killing of a magic user.
The fiery explosion engulfs you!!!
Ouch! That really hurt!
* * * LOW HITPOINT WARNING * * *
The fiery explosion engulfs the orc!!!
The orc explodes!
The fiery explosion engulfs you!!!
Ouch! That really hurt!
You die...

##.## #### ##.# #..##
#..# #...###.##
#....##.# #.......##
##........# #
###§§.....#.# ##
###§§@§........# .#
###.§§##.........# .#
####.%.####........#.#
.# ###....###
#..........#
.####....###
#.........#.
.#..oo.### ##........#
.....### ##.......
...### #..... ..##


There were no monsters in sight!

Vanquished Creatures
  An orc priest (D:3)
  2 orc wizards
  2 adders (D:2)
  An ooze (D:1)
  An adder skeleton (D:4)
  2 worms (D:3)
  3 dart slugs
  5 orcs
  3 bats
  2 giant cockroaches
  4 hobgoblins
  3 jackals (D:3)
  2 quokkas
  A ball python (D:1)
  A frilled lizard (D:3)
  6 goblins
  6 kobolds
  4 rats
49 creatures vanquished.

Notes
Turn   | Place    | Note
-------+----------+-------------------------------------------
     0 | D:1      | vianorne the Minotaur Berserker began the quest for the
                  | Orb.
     0 | D:1      | Reached XP level 1. HP: 19/19 MP: 0/0
     1 | D:1      | You fall into a shaft and drop 1 floor!
   138 | D:2      | Reached skill level 4 in Fighting
   138 | D:2      | Reached XP level 2. HP: 27/27 MP: 1/1
   384 | D:1      | Reached XP level 3. HP: 31/34 MP: 2/2
  1235 | D:2      | Reached skill level 5 in Fighting
  2276 | D:3      | Reached ** piety under Trog
  2283 | D:3      | Reached XP level 4. HP: 37/42 MP: 3/3
  2323 | D:3      | HP: 1/42 [orc priest/nerve-wracking pain (8)]
  3216 | D:3      | Reached skill level 6 in Fighting
  3323 | D:4      | Reached XP level 5. HP: 50/50 MP: 4/4
  3413 | D:4      | Killed from afar by an orc

Levels and vault maps discovered:
D:1:      dpeg_arrival_pits, layout_basic, hangedman_feature_mirror
D:2:      layout_loops_corners, first_ration, grunt_ministairs_12,
          nrook_loot_triangle
D:3:      layout_basic
D:4:      layout_cave_pods, gammafunk_temple_overflow_wave

Skill      XL: |  1  2  3  4 |
---------------+-------------+-----
Fighting       | 4 5 6 |  6.2
Maces & Flails | 4 |  4.0
Dodging        | 3 |  3.2
Armour         | |  2.5
Stealth        | |  0.6

Action                   |  1- 3 |  4- 6 || total
-------------------------+-------+-------++-------
Melee: Mace              |    73 |    54 ||   127
       Headbutt          |    10 |    12 ||    22
  Use: Scroll            |     6 |     5 ||    11
       Potion            |     6 |     3 ||     9
  Eat: Ration            |     1 |     3 ||     4
Armor: Animal skin       |    21 |    13 ||    34
Dodge: Dodged            |    63 |    35 ||    98
